 Dungeon Crawl Stone Soup version 0.19.5 (webtiles) character file.

1577 tognito the Fighter (level 8, -4/75 HPs)
             Began as a Minotaur Berserker on Mar 22, 2017.
             Was an Elder of Trog.
             Killed from afar by an electric eel (10 damage)
             ... with a bolt of electricity
             ... on level 6 of the Dungeon.
             The game lasted 00:09:14 (5440 turns).

tognito the Fighter (Minotaur Berserker)            Turns: 5440, Time: 00:09:15

Health: -4/75      AC: 12    Str: 23    XL:     8   Next: 60%
Magic:  7/7        EV: 10    Int:  4    God:    Trog [****..]
Gold:   270        SH:  0    Dex: 11    Spells: 0 memorised, 7 levels left

rFire  . . .     SeeInvis .     a - +0 battleaxe
rCold  . . .     Gourm    .     s - +0 chain mail
rNeg   . . .     Faith    .     (shield currently unavailable)
rPois  .         Spirit   .     (helmet restricted)
rElec  .         Reflect  .     t - +0 cloak
rCorr  .         Harm     .     (no gloves)
MR     .....                    m - +0 pair of boots
Stlth  ..........               (no amulet)
                                w - ring of fire
                                j - ring of ice

@: no status effects
A: retaliatory headbutt, horns 2, wild magic 2, MP-powered wands
a: Berserk, Trog's Hand, Brothers in Arms, Burn Spellbooks, Renounce Religion


You were on level 6 of the Dungeon.
You worshipped Trog.
Trog was greatly pleased with you.
You were near starving.

You visited 1 branch of the dungeon, and saw 6 of its levels.

You collected 270 gold pieces.

Inventory:

Hand Weapons
 a - a +0 battleaxe (weapon)
 b - a +0 shortbow
Missiles
 i - 128 arrows
 p - 40 bolts
Armour
 m - a +0 pair of boots (worn)
 s - a +0 chain mail (worn)
 t - a +0 cloak (worn)
Jewellery
 j - a ring of ice (left hand)
 w - a ring of fire (right hand)
Wands
 y - a wand of confusion (11/48)
Scrolls
 d - a scroll of enchant weapon {unknown}
 e - 2 scrolls of noise {unknown}
 f - 2 scrolls of enchant armour {unknown}
 g - 8 scrolls of identify
 h - 5 scrolls of remove curse {unknown}
 k - a scroll of random uselessness {unknown}
 l - 2 scrolls of fear {unknown}
 o - a scroll of amnesia {unknown}
 u - 2 scrolls of teleportation {unknown}
 v - a scroll of fog {unknown}
Potions
 n - a potion of heal wounds
 z - a potion of curing
 A - a potion of berserk rage
Comestibles
 c - 2 bread rations
 q - 2 fruits
 r - 2 meat rations


   Skills:
 * Level 8.6 Fighting
 * Level 8.4 Axes
 + Level 5.5 Armour
 + Level 5.0 Dodging


You had 7 spell levels left.
You didn't know any spells.

Dungeon Overview and Level Annotations

Branches:
Dungeon (6/15)             Temple (0/1) D:6

Altars:
Cheibriados
Dithmenos
Kikubaaqudgha
Nemelex Xobeh
Uskayaw
The Shining One


Innate Abilities, Weirdness & Mutations

You reflexively headbutt those who attack you in melee.
You have a pair of horns on your head.
Your spells are harder to cast, but more powerful.
You expend magic power (3 MP) to strengthen your wands.


Message History

The electric eel shoots out a bolt of lightning at you!
The bolt of electricity hits you!
* * * LOW HITPOINT WARNING * * *
You hit the electric eel.
The electric eel is almost dead.
The electric eel shoots out a bolt of lightning at you!
The bolt of electricity hits you!
* * * LOW HITPOINT WARNING * * *
Unknown command.
Your unstable footing causes you to fumble your attack.
The electric eel shoots out a bolt of lightning at you!
The bolt of electricity hits you!
Your unstable footing causes you to fumble your attack.
Your unstable footing causes you to fumble your attack.
The electric eel shoots out a bolt of lightning at you!
The bolt of electricity hits you!
* * * LOW HITPOINT WARNING * * *
The electric eel shoots out a bolt of lightning at you!
The bolt of electricity hits you!
You die...

# ##.........≈≈.≈≈≈≈ ##
##.............≈..≈P≈ .#
#...................
.#####..≈♣≈P≈..≈........
..##...♣≈≈≈≈≈≈≈≈≈≈≈..≈.♣
....##≈≈≈≈≈≈≈P≈≈P≈≈P≈≈≈♣
..#####♣≈≈≈≈≈≈≈≈P≈≈≈≈≈≈#
.## #.≈P≈≈≈≈≈≈≈≈≈((≈# ##
###...♣♣♣≈≈≈@;≈≈≈P# #
##.........♣≈≈≈≈≈P≈#
###..........#♣♣♣♣≈♣##
##............# .#
#.............# ..
..............# ..
..............# .
.............##
............<#


You could see an electric eel.

Vanquished Creatures
  The ghost of Lucio the Chiller, an amateur MfIE (D:4)
  Menkaure (D:5)
  A water moccasin (D:6)
  A phantom (D:5)
  An ogre (D:5)
  2 centaurs
  Blork the orc (D:5)
  A scorpion (D:4)
  5 wights (D:6)
  A howler monkey (D:6)
  3 hounds
  A jelly (D:6)
  An orc priest (D:3)
  Ijyb (D:2)
  An iguana (D:5)
  3 orc wizards (D:4)
  2 worker ants (D:5)
  A hound zombie (D:5)
  2 worker ant zombies
  3 gnolls (D:3)
  5 adders
  A white imp (D:4)
  An ooze (D:3)
  An adder skeleton (D:5)
  3 worms
  3 dart slugs
  2 leopard geckos
  9 orcs
  5 bats
  4 giant cockroaches
  9 goblins
  8 hobgoblins
  4 jackals (D:3)
  11 kobolds
  A quokka (D:2)
  A ball python (D:1)
  3 frilled lizards
  A hobgoblin zombie (D:4)
  A kobold zombie (D:4)
  2 orc skeletons (D:4)
  An orc zombie (D:4)
  4 rats
113 creatures vanquished.

Notes
Turn   | Place    | Note
-------+----------+-------------------------------------------
     0 | D:1      | tognito the Minotaur Berserker began the quest for the Orb.
     0 | D:1      | Reached XP level 1. HP: 19/19 MP: 0/0
   214 | D:1      | Reached XP level 2. HP: 26/27 MP: 1/1
   572 | D:2      | Reached ** piety under Trog
   596 | D:2      | Noticed Ijyb
   608 | D:2      | Killed Ijyb
   608 | D:2      | Reached XP level 3. HP: 24/34 MP: 2/2
   892 | D:2      | Reached XP level 4. HP: 41/41 MP: 3/3
  1145 | D:2      | Gained mutation: Your spells are a little harder to cast, but a little more powerful. [potion of mutation]
  1145 | D:2      | Gained mutation: Your spells are harder to cast, but more powerful. [potion of mutation]
  1145 | D:2      | Gained mutation: You expend magic power (3 MP) to strengthen your wands. [potion of mutation]
  1678 | D:3      | Reached skill level 5 in Fighting
  1943 | D:3      | Reached skill level 5 in Axes
  1943 | D:3      | Reached XP level 5. HP: 33/48 MP: 4/4
  1945 | D:3      | Reached *** piety under Trog
  2671 | D:3      | Found a sparkling altar of Nemelex Xobeh.
  2672 | D:3      | Found a hide-covered altar of Uskayaw.
  2758 | D:4      | Found a glowing golden altar of the Shining One.
  2817 | D:4      | Reached XP level 6. HP: 39/57 MP: 5/5
  3072 | D:4      | Noticed Lucio's ghost (amateur MfIE)
  3086 | D:4      | Killed Lucio's ghost
  3500 | D:4      | Reached XP level 7. HP: 64/64 MP: 6/6
  3505 | D:5      | Entered Level 5 of the Dungeon
  3515 | D:5      | Noticed Menkaure
  3521 | D:5      | Killed Menkaure
  3631 | D:5      | Found a shadowy altar of Dithmenos.
  3655 | D:5      | Noticed Blork the orc
  3664 | D:5      | Killed Blork the orc
  3799 | D:5      | Reached **** piety under Trog
  3879 | D:5      | Found a snail-covered altar of Cheibriados.
  4042 | D:5      | Found an ancient bone altar of Kikubaaqudgha.
  4053 | D:5      | Reached XP level 8. HP: 38/74 MP: 7/7
  4441 | D:6      | Reached skill level 5 in Armour
  4473 | D:6      | Found a staircase to the Ecumenical Temple.
  4983 | D:6      | Reached skill level 5 in Dodging
  5440 | D:6      | Killed from afar by an electric eel

Skill      XL: |  1  2  3  4  5  6  7  8 |
---------------+-------------------------+-----
Fighting       | 4 5 6 7 8 |  8.6
Axes           | 4 5 6 7 8 |  8.4
Armour         | 3 4 5 |  5.5
Dodging        | 3 4 5 |  5.0

Action                   |  1- 3 |  4- 6 |  7- 9 || total
-------------------------+-------+-------+-------++-------
Melee: Hand axe          |    54 |    97 |       ||   151
       Headbutt          |     7 |    35 |    13 ||    55
       War axe           |       |    63 |    25 ||    88
       Battleaxe         |       |       |    66 ||    66
 Fire: Shortbow          |       |       |    56 ||    56
  Use: Potion            |     2 |     5 |     1 ||     8
       Scroll            |       |     1 |       ||     1
  Eat: Chunk             |       |     8 |     4 ||    12
       Fruit             |       |       |     1 ||     1
Armor: Animal skin       |    10 |     1 |       ||    11
       Chain mail        |       |    73 |    51 ||   124
Dodge: Dodged            |    42 |    65 |    36 ||   143
